 Dungeon Crawl Stone Soup version 0.30-a0-728-gc68057be0a (webtiles) character file.

Game seed: 16279538661844989834

46 KleinerIrrer the Shield-Bearer (level 3, 0/30 HPs)
             Began as a Formicid Fighter on Jan 30, 2023.
             Slain by a scorpion (2 damage)
             ... on level 2 of the Dungeon.
             The game lasted 00:01:33 (1204 turns).

KleinerIrrer the Shield-Bearer (Formicid Fighter)   Turns: 1204, Time: 00:01:34

Health: 0/30       AC:  7    Str: 22    XL:     3   Next: 92%
Magic:  3/3        EV:  9    Int:  7    God:
Gold:   79         SH:  5    Dex: 13    Spells: 2/2 levels left

rFire   . . .      SeeInvis +    a - +0 war axe
rCold   . . .      Faith    .    c - +0 buckler
rNeg    . . .      Spirit   .    b - +0 scale mail
rPois   .          Reflect  .    (helmet unavailable)
rElec   .          Harm     .    m - scarf {shadows}
rCorr   .          Rampage  .    (no gloves)
Will    .....                    (no boots) Stlth
                                 (no amulet)
HPRegen 0.25/turn                (no ring)
MPRegen 0.08/turn                (no ring)

@: mighty, lethally poisoned (0 -> -7)
A: permanent stasis, dig shafts and tunnels, antennae 3, four strong arms
a: Dig, Shaft Self


You were on level 2 of the Dungeon.
You visited 1 branch of the dungeon, and saw 2 of its levels.

You collected 79 gold pieces.

Inventory:

Hand Weapons
 a - a +0 war axe (weapon)
Missiles
 e - 33 stones
 h - 5 poisoned darts
Armour
 b - a +0 scale mail (worn)
 c - a +0 buckler (worn)
 m - a scarf of shadows (worn)
Scrolls
 f - a scroll of fear {unknown}
 j - a scroll of torment {unknown}
Potions
 g - 2 potions of curing {unknown}
 i - a potion of cancellation {unknown}
 k - a potion of haste {unknown}
 l - 2 potions of attraction {unknown}


   Skills:
 + Level 3.8 Fighting
 + Level 2.5 Axes
 + Level 3.7 Armour
 + Level 4.6 Shields


You had 2 spell levels left.
You didn't know any spells.
Your spell library contained the following spells:

 Spells                   Type           Power      Damage    Failure   Level
 Tukima's Dance           Hex            0%         N/A       99%         3
 Passage of Golubria      Tloc           0%         N/A       100%        4
 Yara's Violent Unravell  Hex/Tmut       0%         3d3       100%        5


Dungeon Overview and Level Annotations

Branches:
Dungeon (2/15)

Altars:


Innate Abilities, Weirdness & Mutations

You cannot be hasted, slowed, berserked, paralysed or teleported.
You can dig through walls and to a lower floor.
You have a pair of large antennae on your head. (SInv)
Your four strong arms can wield two-handed weapons with a shield.


Message History

You are frozen.
The endoplasm freezes you.
You are frozen.
You slash the endoplasm!
You kill the endoplasm!
The scorpion stings you.
You are poisoned.
The scorpion poisons you!
You hit the scorpion.
The scorpion is lightly wounded.
You feel very sick. You block the scorpion's attack. The scorpion stings you.
You hit the scorpion but do no damage.
The scorpion is lightly wounded.
You feel sick. You block the scorpion's attack. The scorpion stings you.
You are too injured to fight recklessly!
You are too injured to fight recklessly!
You are too injured to fight recklessly!
You feel very mighty all of a sudden.
You feel sick. The scorpion stings you.
You closely miss the scorpion.
The scorpion is lightly wounded.
You feel sick. You block the scorpion's attack.
You hit the scorpion but do no damage.
The scorpion is lightly wounded.
You feel sick. The scorpion stings you.
* * * LOW HITPOINT WARNING * * *
You are lethally poisoned!
The scorpion poisons you! The scorpion barely misses you.
You barely miss the scorpion.
The scorpion is lightly wounded.
* * * LOW HITPOINT WARNING * * *
You feel very sick. You block the scorpion's attack.
The scorpion stings you but does no damage.
You completely miss the scorpion.
* * * LOW HITPOINT WARNING * * *
You feel very sick. The scorpion stings you.
You die...

##### ...# {
##.# ##.. ..
#.# #..# ##.#
#.# ##..# ...#
##.#
#...#rS..#
##.##
#...#SS..#
....#
##...sgb./#
##.## #...@#
##.# . #....#
#.#
...#....####.(
##.##
..............
#...###
#####.#######
......#
#.##..#
#...#.#
#.###.#
##.##.# #.#
#.# ####.#
#.###.#


You could see a scorpion, an adder, a goblin, a bat, 2 ball pythons and a rat.

Vanquished Creatures
  2 dart slugs (D:1)
  A bat (D:1)
  7 endoplasms
  A giant cockroach (D:1)
  3 hobgoblins
  8 jackals
  2 kobolds (D:1)
  2 quokkas
  2 ball pythons (D:1)
  3 goblins (D:1)
  3 rats
34 creatures vanquished.

Notes
Turn   | Place    | Note
-------+----------+-------------------------------------------
     0 | D:1      | KleinerIrrer the Formicid Fighter began the quest for the
                  | Orb.
     0 | D:1      | Reached XP level 1. HP: 18/18 MP: 1/1
   148 | D:1      | Reached XP level 2. HP: 24/24 MP: 2/2
   432 | D:1      | Reached XP level 3. HP: 26/29 MP: 3/3
  1194 | D:2      | Noticed a scorpion
  1204 | D:2      | Slain by a scorpion

Illustrated notes

Levels and vault maps discovered:
D:1:      ncdulo_smallfort, layout_basic, minmay_octomino_c4
D:2:      minmay_recursive_quarters, layout_loops_ring

Action                     || total
---------------------------++-------
  Melee: War axe           ||    70
    Use: Potion            ||     1
 Armour: Scale mail        ||    55
  Dodge: Dodged            ||    37
  Block: Buckler           ||    27

Table legend: (Time is in decaauts)
 A = Elapsed time spent in this place.
 B = Non-inter-level travel time spent in this place.
 C = Inter-level travel time spent in this place.
 D = Time resting spent in this place.
 E = Time spent auto-exploring this place.
 F = Levels seen in this place.
 G = Mean time per level.
                   A        B        C        D        E       F      G
               +--------+--------+--------+--------+--------+-----+--------+
         Total |   1231 |   1210 |     21 |      0 |   1002 |   2 |  615.5 |
       Dungeon |   1231 |   1210 |     21 |      0 |   1002 |   2 |  615.5 |
               +--------+--------+--------+--------+--------+-----+--------+

Top non-repeatable levels by time:
     D:1: 911 daAuts
     D:2: 320 daAuts
